 Dungeon Crawl Stone Soup version 0.20-a0-1122-gb7cbeb9 (webtiles) character file.

79 M4edhros the Sneak (level 4, -3/28 HPs)
             Began as an Octopode Artificer on May 12, 2017.
             Slain by an ogre
             ... wielding a +0 giant spiked club
              (19 damage)
             ... on level 4 of the Dungeon.
             The game lasted 00:01:00 (860 turns).

M4edhros the Sneak (Octopode Artificer)              Turns: 860, Time: 00:01:01

Health: -3/28      AC:  1    Str: 11    XL:     4   Next: 37%
Magic:  6/6        EV: 13    Int: 13    God:
Gold:   118        SH:  0    Dex: 13    Spells: 3/3 levels left

rFire    . . .     SeeInvis .   a - +1 short sword
rCold    . . .     Gourm    .   (no shield)
rNeg     . . .     Faith    .   (helmet restricted)
rPois    .         Spirit   .   (no amulet)
rElec    .         Reflect  .   (no ring)
rCorr    .         Harm     .   (no ring)
MR       .....                  (no ring)
Stlth    ++++......             (no ring)
Regen    0.1/turn               (no ring)
MPRegen  0.1/turn               (no ring)
                                (no ring)
                                (no ring)

@: no status effects
A: almost no armour, stealthy swim, amphibious, 8 rings, constrict 8, camouflage
1, gelatinous body 1
a: no special abilities


You were on level 4 of the Dungeon.
You were not hungry.

You visited 1 branch of the dungeon, and saw 4 of its levels.

You collected 118 gold pieces.

Inventory:

Hand Weapons
 a - a +1 short sword (weapon)
Wands
 b - a wand of flame (13/48)
 c - a wand of enslavement (14/24)
 d - a wand of random effects (11/48)
Potions
 j - a potion of berserk rage {unknown}
Comestibles
 f - 2 bread rations
 g - a royal jelly
 k - 2 chunks of flesh


   Skills:
 - Level 1.0 Fighting
 - Level 1.0 Short Blades
 - Level 2.0 Dodging
 + Level 5.9 Stealth
 - Level 3.2 Evocations


You had 3 spell levels left.
You didn't know any spells.

Dungeon Overview and Level Annotations

Branches:
Dungeon (4/15)
 Temple: D:4-7

Altars:


Innate Abilities, Weirdness & Mutations

You cannot wear most types of armour.
You are very stealthy in the water. (Stealth+)
You are amphibious.
You can wear up to eight rings at the same time.
You can use your tentacles to constrict eight enemies at once.
Your skin changes colour to match your surroundings (Stealth+).
Your rubbery body absorbs attacks. (AC +1, EV +1)


Message History

Aim: an ogre, wielding a giant spiked club (moderately wounded)
The mass of ice explodes!
The iceblast engulfs the ogre.
The ogre is severely wounded.
This wand has 11 charges left.
Evoke which item? (* to show all) (? for menu, Esc to quit)
Aiming: Throw Flame
Press: ? - help, Shift-Dir - straight line, f/p - ogre
Aim: an ogre, wielding a giant spiked club (severely wounded)
The puff of flame misses the ogre.
This wand has 14 charges left.
An iguana comes into view.
Evoke which item? (* to show all) (? for menu, Esc to quit)
Aiming: Throw Flame
Press: ? - help, Shift-Dir - straight line, f/p - ogre
Aim: an ogre, wielding a giant spiked club (severely wounded)
The puff of flame hits the ogre.
The ogre is almost dead.
This wand has 13 charges left.
The ogre hits you with a giant spiked club!!
Ouch! That really hurt!
You die...

#... ### .# #..# #..
.. #..# #.### .# #..#
....# .## #..# #.#.#
.. #..# #.#.# .####..
#..######.#.##.......
#...)...†..).@O......
##<)...[#l#######.###
######.#.# #.#.#
#.#.. #.### #.# #.#
.#


You could see an ogre and an iguana.

Vanquished Creatures
  A bullfrog skeleton (D:4)
  A worm (D:2)
  A dart slug (D:2)
  An orc (D:4)
  2 giant cockroaches
  A goblin (D:1)
  5 hobgoblins
  A quokka (D:2)
  A ball python (D:2)
  3 bats
  2 frilled lizards
  2 kobolds
  A rat (D:1)
22 creatures vanquished.

Vanquished Creatures (collateral kills)
  An orc priest (D:4)
  2 orcs (D:4)
3 creatures vanquished.

Vanquished Creatures (others)
  An orc wizard (D:4)
1 creature vanquished.

Grand Total: 26 creatures vanquished

Notes
Turn   | Place    | Note
-------+----------+-------------------------------------------
     0 | D:1      | M4edhros the Octopode Artificer began the quest for the Orb.
     0 | D:1      | Reached XP level 1. HP: 13/13 MP: 3/3
    27 | D:1      | Reached skill level 2 in Stealth
   119 | D:1      | Reached skill level 3 in Stealth
   119 | D:1      | Reached XP level 2. HP: 17/18 MP: 4/4
   442 | D:2      | Reached skill level 4 in Stealth
   698 | D:3      | Reached XP level 3. HP: 15/23 MP: 5/5
   802 | D:4      | Reached skill level 5 in Stealth
   816 | D:4      | Reached XP level 4. HP: 12/28 MP: 6/6
   854 | D:4      | Noticed an ogre
   860 | D:4      | Slain by an ogre

Vault maps used:
D:1:      grunt_arrival_crossed_arrows, due_unseen_surprise
D:2:      chequers_temple_overflow_minitemple, chequers_ecumenical_altar_island,
          tso_metal_star, uniq_natasha
D:4:      gup_sewer_entry_spiral, ashenzari_altar_1

Skill      XL: |  1  2  3 |
---------------+----------+-----
Stealth        | 3 4 5 |  5.9
Fighting       | |  1.0
Short Blades   | |  1.0
Dodging        | |  2.0
Evocations     | |  3.2

Action                   |  1- 3 |  4- 6 || total
-------------------------+-------+-------++-------
Melee: Short sword       |    49 |       ||    49
       Constrict         |    15 |       ||    15
       Tentacles         |     8 |       ||     8
Evoke: Wand              |     1 |     6 ||     7
  Use: Scroll            |     1 |     3 ||     4
 Stab: Sleeping          |     3 |       ||     3
Armor: Skin              |     2 |       ||     2
Dodge: Dodged            |    33 |       ||    33
